 Dungeon Crawl Stone Soup version 0.20-a0-433-g9e36e56 (webtiles) character file.

118 Kriby the Magician (level 4, -4/30 HPs)
             Began as a Mummy Fire Elementalist on Jan 4, 2017.
             Killed from afar by an orc wizard (9 damage)
             ... with a puff of flame
             ... on level 3 of the Dungeon.
             The game lasted 00:03:27 (2739 turns).

Kriby the Magician (Mummy Fire Elementalist)        Turns: 2739, Time: 00:03:27

Health: -4/30      AC:  5    Str: 11    XL:     4   Next: 72%
Magic:  3/9        EV: 12    Int: 15    God:
Gold:   163        SH:  0    Dex: 12    Spells: 6/10 levels left

rFire  x . .     SeeInvis .     l - +1 dagger (freeze)
rCold  + . .     Gourm    .     a - +0 robe
rNeg   + + +     Faith    .     (no shield)
rPois  ∞         Spirit   .     n - +2 helmet
rElec  .         Reflect  .     (no cloak)
rCorr  .         Harm     .     (no gloves)
MR     .....                    (no boots)
Stlth  ++........               (no amulet)
                                (no ring)
                                (no ring)

@: very slightly contaminated
A: no food or potions, fire vulnerability, cold resistance 1, negative energy
resistance 3, torment resistance, unbreathing
a: no special abilities


You were on level 3 of the Dungeon.
You were not hungry.

You visited 1 branch of the dungeon, and saw 4 of its levels.

You collected 163 gold pieces.

Inventory:

Hand Weapons
 c - a +0 dagger
 k - a +0 trident
 l - a +1 dagger of freezing (weapon)
Armour
 a - a +0 robe (worn)
 n - a +2 helmet (worn)
Jewellery
 o - an uncursed ring of protection from fire {unknown}
Scrolls
 d - 5 scrolls of remove curse {unknown}
 e - a scroll of random uselessness {unknown}
 f - 2 scrolls of magic mapping {unknown}
 g - a scroll of teleportation {unknown}
 h - 4 scrolls of identify {unknown}
 i - 2 scrolls of enchant armour {unknown}
 j - 2 scrolls of recharging {unknown}
 m - a scroll of enchant weapon {unknown}
 p - a scroll of fog {unknown}
Books
 b - a book of Flames

   Spells                             Type                      Level
   a - Flame Tongue                   Conjuration/Fire             1
   b - Throw Flame                    Conjuration/Fire             2
   c - Conjure Flame                  Conjuration/Fire             3
   d - Inner Flame                    Hexes/Fire                   3
   e - Sticky Flame                   Conjuration/Fire             4
   f - Fireball                       Conjuration/Fire             5


   Skills:
 + Level 2.1 Dodging
 + Level 2.3 Stealth
 + Level 3.6 Spellcasting
 + Level 2.1 Conjurations
 + Level 2.7 Fire Magic


You had 6 spell levels left.
You knew the following spells:

 Your Spells              Type           Power        Failure   Level  Hunger
a - Flame Tongue          Conj/Fire      ##...        10%         1    N/A
b - Conjure Flame         Conj/Fire      ##......     24%         3    N/A

Dungeon Overview and Level Annotations

Branches:
Dungeon (4/15)
 Temple: D:4-7

Altars:
Trog


Innate Abilities, Weirdness & Mutations

You do not eat or drink.
Your flesh is vulnerable to fire.
You are immune to poison.
Your flesh is cold resistant. (rC+)
You are immune to negative energy. (rN+++)
You are immune to unholy pain and torment.
You can survive without breathing.


Message History

Confirm with . or Enter, or press ? or * to list all spells.
Aiming: Flame Tongue
Press: ? - help, Shift-Dir - straight line, f - orc
Aim: an orc, wielding a falchion and wearing a leather armour (almost dead)
The flame tongue hits the orc.
You kill the orc!
Something hits you but does no damage.
Things that are here:
a falchion; a leather armour You hear some strange, mumbled words.
Something tries to affect you, but you resist.
Casting: Flame Tongue
Confirm with . or Enter, or press ? or * to list all spells.
You can't see any susceptible monsters within range! (Use Z to cast anyway.)
A puff of flame appears from out of thin air!
The puff of flame hits you! The fire burns you terribly!
* * * LOW HITPOINT WARNING * * *
A puff of flame appears from out of thin air!
The puff of flame hits you! The fire burns you terribly!
You die...

........# #.....# ########..
.......)### #....)#### #.........
........).# #........# #.........
........#.###.....##.# #.........
.....<..#[.#...(..##.###.........
.........#.#......#..............
##....................###...###..
..##...._.......>..##..##.#.# ###
.........!......@..###....#.# #.
........#....<.....# ###..#.# #.
..........#........# #..#.# #.
...........##..###.## ##.#.# #.
........##..........### #.#.# #.
........####..........# #.#.# ##.
........## #..........# #.#.###..
.........# #..........###........
######.#.###...........#.........


There were no monsters in sight!

Vanquished Creatures
  2 adders (D:3)
  3 worms (D:2)
  2 dart slugs
  4 leopard geckos
  8 orcs
  5 giant cockroaches
  10 goblins
  7 hobgoblins
  6 jackals
  3 quokkas
  A ball python skeleton (D:4)
  8 bats
  3 frilled lizards
  6 kobolds
  3 rats (D:1)
71 creatures vanquished.

Notes
Turn   | Place    | Note
-------+----------+-------------------------------------------
     0 | D:1      | Kriby the Mummy Fire Elementalist began the quest for the Orb.
     0 | D:1      | Reached XP level 1. HP: 13/13 MP: 4/4
   126 | D:1      | Reached skill level 1 in Conjurations
   379 | D:1      | Reached XP level 2. HP: 19/19 MP: 3/5
   624 | D:1      | Reached skill level 3 in Spellcasting
  1045 | D:2      | Reached XP level 3. HP: 24/24 MP: 3/7
  1052 | D:2      | Learned a level 3 spell: Conjure Flame
  1858 | D:3      | Found a bloodstained altar of Trog.
  1860 | D:3      | Reached XP level 4. HP: 30/30 MP: 5/8
  2739 | D:3      | Killed from afar by an orc wizard

Vault maps used:
D:1:      dpeg_arrival_tiny_f
D:3:      bloody_trog
D:4:      tso_metal_star, kennysheep_little_box, nicolae_overflow_hidden_temple,
          sigmund_army

Skill      XL: |  1  2  3  4 |
---------------+-------------+-----
Conjurations   | 1 2 |  2.1
Spellcasting   | 3 |  3.6
Stealth        | 2 |  2.3
Dodging        | 2 |  2.1
Fire Magic     | |  2.7

Action                   |  1- 3 |  4- 6 || total
-------------------------+-------+-------++-------
Melee: Dagger            |    21 |     6 ||    27
       Trident           |     8 |       ||     8
 Cast: Flame Tongue      |    74 |    48 ||   122
Armor: Robe              |    16 |    11 ||    27
Dodge: Dodged            |    55 |    25 ||    80
